 Dungeon Crawl Stone Soup version 0.13.0-26-gf7ffa3a (webtiles) character file.

202 Lilouch the Magician (level 4, -1/28 HPs)
             Began as a Mummy Wizard on Nov 1, 2013.
             Killed from afar by an orc wizard (15 damage)
             ... with a puff of flame
             ... on Level 3 of the Dungeon.
             The game lasted 00:20:24 (2992 turns).

Lilouch the Magician (Mummy Wizard)                 Turns: 2992, Time: 00:20:24

HP  -1/28        AC  4     Str 10      XL: 4   Next: 70%
MP   6/12        EV 10     Int 18      God:
Gold 86          SH  0     Dex 10      Spells:  2 memorised,  7 levels left

Res.Fire  : x . .   See Invis. : .   i - +2,+0 whip (venom)
Res.Cold  : + . .   Warding    : .   y - +1 leather armour
Life Prot.: + + +   Conserve   : .   (no shield)
Res.Poison: +       Res.Corr.  : .   b - +0 wizard hat
Res.Elec. : .       Clarity    : .   (no cloak)
Sust.Abil.: . .     Spirit.Shd : .   (no gloves)
Res.Mut.  : .       Stasis     : .   (no boots)
Res.Rott. : +       Flight     : .   (no amulet)
Saprovore : . . .                    (no ring)
                                     (no ring)

@: slightly resistant to hostile enchantments, unstealthy
A: no food or potions, fire vulnerability, restore body, cold resistance 1, life
protection 3, poison resistance, torment resistance, unbreathing
a: no special abilities


You were on level 3 of the Dungeon.
You were not hungry.

You visited 1 branch of the dungeon, and saw 3 of its levels.

You collected 66 gold pieces.

Inventory:

Hand weapons
 g - a +0,+0 whip
 i - a +2,+0 whip of venom (weapon)
Missiles
 p - 5 darts (quivered)
Armour
 b - a +0 wizard hat (worn)
 e - a +0 large shield
 j - a +0 robe
 y - a +1 leather armour (worn)
 A - a +0 chain mail
 D - a +0 orcish ring mail
Comestibles
 k - a meat ration
 l - an apple
 n - 2 bread rations
 z - a cheese
Scrolls
 a - 4 scrolls of identify {unknown}
 d - 4 scrolls of remove curse
 f - a scroll of noise {unknown}
 o - a scroll of blinking {unknown}
 r - a scroll of fog {unknown}
 w - a scroll of enchant weapon I {unknown}
 C - a scroll of enchant armour {unknown}
Jewellery
 q - an uncursed amulet of conservation {unknown}
 t - an uncursed amulet of rage {unknown}
Potions
 h - a potion of paralysis {unknown}
 m - a potion of agility {unknown}
 s - a potion of flight {unknown}
 u - a potion of restore abilities {unknown}
 v - 2 potions of invisibility {unknown}
 x - a potion of speed {unknown}
 B - a potion of curing {unknown}
Books
 c - a book of Minor Magic

   Spells                             Type                      Level
   *Magic Dart                        Conjuration                  1
   Blink                              Translocation                2
   Call Imp                           Summoning                    2
   Repel Missiles                     Charms/Air                   2
   Slow                               Hexes                        2
   Conjure Flame                      Conjuration/Fire             3
   *Mephitic Cloud                    Conjuration/Poison/Air       3


   Skills:
 + Level 1.5 Armour
 - Level 1.5 Dodging
 - Level 1.6 Stealth
 * Level 4.1 Spellcasting
 + Level 1.9 Conjurations
   Level 0.7 Summonings
   Level 0.7 Translocations


You had 7 spell levels left.
You knew the following spells:

 Your Spells              Type           Power        Failure   Level  Hunger
a - Magic Dart            Conj           ##..         8%          1    N/A
b - Mephitic Cloud        Conj/Pois/Air  #.......     34%         3    N/A

Dungeon Overview and Level Annotations

Branches:
Dungeon (3/27)

Altars:


Innate Abilities, Weirdness & Mutations

You do not eat or drink.
Your flesh is vulnerable to fire.
Your flesh is cold resistant.
You are immune to negative energy.
Your system is resistant to poisons.
You are immune to unholy pain and torment.
You can survive without breathing.


Message History

You kill the kobold!
You see here a dart.
You start resting.
The orc wizard picks up an orcish club.
You miss the orc wizard.
The orc wizard is heavily wounded.
The orc wizard mumbles some strange words.
The orc wizard flickers and vanishes!
Deactivating autopickup; reactivate with Ctrl-A.
You miss it.
You hear some strange, mumbled words.
Something tries to affect you, but you resist.
You hit it but do no damage.
You hear some strange, mumbled words.
The puff of flame hits you! The fire burns you terribly!
You closely miss it.
You hear some strange, mumbled words.
The puff of flame hits you! The fire burns you terribly!
Ouch! That really hurt!
You die... #.. . ... #... #o. #..# #Ko #..# #oo

#..# #.. #..#
#.#..####..#
#$.....(...#
#.#..###@..####
#..# #(.....# #..#
#(#....#
######..###.###..#
#...........).# .#
#.####..###.#.# #
#.###.#.<.....#.#.#
#.............#.#.#
#####.#.##..###.#.#


There were no monsters in sight!

Vanquished Creatures
  An orc wizard (D:3)
  2 adders
  A giant mite (D:1)
  2 worms
  2 giant geckos
  2 ball pythons (D:2)
  5 goblins
  7 hobgoblins
  7 jackals
  9 bats
  A giant cockroach (D:2)
  5 giant newts
  13 kobolds
  5 rats
62 creatures vanquished.

Notes
Turn   | Place    | Note
--------------------------------------------------------------
     0 | D:1      | Lilouch, the Mummy Wizard, began the quest for the Orb.
     0 | D:1      | Reached XP level 1. HP: 11/11 MP: 5/5
   300 | D:1      | Reached skill level 1 in Conjurations
   339 | D:1      | Reached XP level 2. HP: 17/17 MP: 2/7
   887 | D:1      | Reached XP level 3. HP: 22/22 MP: 0/9
  1280 | D:2      | Reached skill level 1 in Armour
  1976 | D:2      | Reached XP level 4. HP: 28/28 MP: 0/11
  2348 | D:2      | Reached skill level 4 in Spellcasting
  2582 | D:3      | Learned a level 3 spell: Mephitic Cloud
  2992 | D:3      | Killed from afar by an orc wizard

Action                   |  1- 3 |  4- 6 || total
-------------------------+-------+-------++-------
Melee: Whip              |    54 |    30 ||    84
       Unarmed           |     1 |       ||     1
Throw: Dart              |     6 |       ||     6
 Cast: Magic Dart        |   107 |    36 ||   143
       Mephitic Cloud    |       |     2 ||     2
  Use: Scroll            |       |     1 ||     1
